Map: Вечная империя РВ

Players

FightingFrog

  • Race: Protoss Protoss
  • League: Master
  • Spawn Location: 1:00

GeNieS - Winner!

  • Race: Protoss Protoss
  • League: Grandmaster
  • Spawn Location: 7:00

VOD

Have the link to the VOD?

Description

Time

  • Played on: May 26, 2020, 4:19 a.m.
  • Length: 5:44
Show
View Real Time Build Order
Export as new Build Order

FightingFrog Protoss 

Build Orders: Phoenix Opening 

Get SALT Encoding   

  12  0:00  Probe  
  13  0:13  Probe  
  14  0:17  Pylon  
  14  0:25  Probe  
  15  0:35  Gateway  
  15  0:37  Probe (Chrono Boost)  
  15  0:42  Assimilator  
  16  0:49  Probe (Chrono Boost)  
  17  0:55  Probe (Chrono Boost)  
  18  0:58  Assimilator  
  18  1:04  Probe (Chrono Boost)  
  19  1:08  Gateway  
  19  1:16  Probe (Chrono Boost)  
  20  1:22  Cybernetics Core  
  20  1:23  Probe (Chrono Boost)  
  21  1:33  Probe  
  21  1:36  Pylon  
  22  1:45  Probe  
  23  1:56  Warp Gate (Chrono Boost)  
  23  1:57  Probe  
  23  1:59  Stalker  
  26  2:05  Sentry  
  28  2:09  Probe  
  28  2:13  Pylon  
  29  2:21  Probe  
  30  2:23  Robotics Facility  
  30  2:33  Probe  
  30  2:34  Stalker  
  33  2:38  Phoenix  
  33  2:39  Stalker  
  34  2:46  Pylon  
  35  2:58  Gateway  
  34  3:08  Warp Prism (Chrono Boost)  
  36  3:37  Stalker x2  
  44  3:45  Pylon  
  44  3:46  Observer  
  41  3:56  Nexus  
  41  4:03  Sentry, Stalker  
  41  4:06  Sentry  
  47  4:22  Immortal (Chrono Boost)  
  47  4:42  Stalker x2  
  45  4:51  Stalker x3  
  45  4:57  Warp Prism (Chrono Boost)  
  39  5:18  Stalker x3  
  39  5:20  Probe  
  46  5:27  Shield Battery  
  46  5:28  Probe  
Show
View Real Time Build Order
Export as new Build Order

GeNieS Protoss - Winner!

Build Orders: Blink Stalkers 

Get SALT Encoding   

  12  0:01  Probe  
  13  0:13  Probe  
  14  0:17  Pylon  
  14  0:25  Probe (Chrono Boost)  
  16  0:37  Probe (Chrono Boost)  
  16  0:38  Gateway  
  16  0:42  Probe (Chrono Boost)  
  16  0:46  Assimilator  
  17  0:52  Probe  
  17  0:55  Assimilator  
  18  1:04  Probe (Chrono Boost)  
  19  1:07  Gateway  
  19  1:13  Probe (Chrono Boost)  
  19  1:18  Probe (Chrono Boost)  
  20  1:25  Cybernetics Core  
  21  1:30  Probe  
  22  1:40  Pylon  
  18  2:01  Warp Gate, Stalker  
  22  2:02  Stalker  
  26  2:11  Robotics Facility  
  26  2:18  Twilight Council  
  26  2:28  Probe  
  27  2:31  Stalker  
  27  2:32  Stalker  
  31  2:50  Blink (Chrono Boost), Pylon  
  31  3:14  Stalker  
  31  3:16  Stalker  
  35  3:26  Nexus  
  35  3:48  Pylon  
  36  3:54  Stalker  
  38  3:57  Stalker  
  39  4:06  Probe  
  39  4:07  Gateway  
  38  4:38  Pylon  
  38  4:41  Pylon  
  36  5:05  Stalker  
  36  5:06  Stalker x2  
  42  5:07  Probe x2  
  44  5:19  Probe  
  45  5:29  Stalker x2  
  45  5:30  Stalker  
Tags
 
Add a new tag
Caveats
  • Supply blocks, unpowered buildings, or Contaminate may cause inaccurate times.
  • Supply counts are checked every 10 seconds.